[Event "*** Titled Tuesday Blitz"]
[Site "Chess.com"]
[Date "2021.02.02"]
[Round "4"]
[White "onnoelgersma"]
[Black "swisspower96"]
[Result "0-1"]
[WhiteElo "2483"]
[BlackElo "2651"]
[TimeControl "180+1"]
[EndTime "10:41:00 PST"]
[Termination "swisspower96 won by resignation"]

1. Nf3 d5 2. e3 Nf6 3. b3 Bf5 4.
Bb2 h6 5. d4 e6 6. Bd3 Ne4 7.
O-O Nd7 8. c4 c6 9. Qc2 Bh7 10.
Nfd2 f5 11. f3 Nxd2 12. Nxd2 Bd6 13. e4 O-O 14. Rae1 Bf4 15. g3 Qg5 16. Nb1 Nf6 17.
e5 Nh5 18. Qf2 Nxg3 19. hxg3 Bxg3 20. Qg2 f4 21. Bxh7+ Kxh7 22. Re2 Qh4 23. Qh1 Qg5 24. Qh3 Rf5 25. Qg4 Qe7 26. Rg2 Rg5 27. Qh3 Rf8 28. Nc3 Rff5 29. Re2 Rh5 30. Qg2 Rfg5 31. Bc1 Bh2+ 32.
Kh1 Rxg2 33. Rxg2 Bg3+ 34. Kg1 Qh4 0-1

[Event "*** Titled Tuesday Blitz"]
[Site "Chess.com"]
[Date "2021.02.02"]
[Round "4"]
[White "GMaka"]
[Black "RaneshRatnesan"]
[Result "1-0"]
[WhiteElo "2405"]
[BlackElo "2171"]
[TimeControl "180+1"]
[EndTime "10:41:00 PST"]
[Termination "GMaka won by checkmate"]

1. Nf3 d5 2. b3 c5 3. Bb2 Nc6 4. e3 Nf6 5. Bb5 e6 6. Bxc6+ bxc6 7. Ne5 Qc7 8. f4 Bd6 9. d3 Nd7 10. Nxd7 Bxd7 11. Qh5 d4 12. exd4 Bxf4 13. dxc5 O-O 14. O-O e5 15. Rxf4 exf4 16. Be5 Qd8 17. Nd2 f6 18. Bd6 Re8 19. Bxf4 Bg4 20. Qxg4 Qd4+ 21. Kf1 Qxa1+ 22. Kf2 Qe1+ 23. Kf3 h5 24. Qd7 Re2 25.
Qd4 Qf1+ 26. Nxf1 Ree8 27. Qc4+ Kh7 28. Ng3 h4 29. Nf5 Re1 30. Qf7 Rg8 31. Qh5# 1-0

[Event "*** Titled Tuesday Blitz"]
[Site "Chess.com"]
[Date "2021.02.02"]
[Round "4"]
[White "Loy_Konstantin"]
[Black "louis198"]
[Result "1-0"]
[WhiteElo "2372"]
[BlackElo "2577"]
[TimeControl "180+1"]
[EndTime "10:41:02 PST"]
[Termination "Loy_Konstantin won by resignation"]

1. e4 e6 2. d3 d5 3. Nd2 Nf6 4. Ngf3 Bc5 5. c3 dxe4 6. Nxe4 Nxe4 7. Qa4+ Bd7 8. Qxe4 Bc6 9. Qe5 Be7 10. Qxg7 Bf6 11.
Qg3 Nd7 12. Be3 h5 13. h4 a5 14. Nd4 a4 15. Nxc6 bxc6 16. d4 a3 17. b3 c5 18. Rd1 cxd4 19. Bxd4 Bxd4 20. Rxd4 c5 21. Rd2 Rb8 22. Be2 Rb6 23. O-O Ke7 24. Rfd1 Rb7 25. Qd6+ Ke8 26. Qc6 Qc7 27. Qxd7+ Qxd7 28. Rxd7 1-0

[Event "*** Titled Tuesday Blitz"]
[Site "Chess.com"]
[Date "2021.02.02"]
[Round "4"]
[White "Eltaj_Safarli"]
[Black "GMKrikor"]
[Result "1-0"]
[WhiteElo "2944"]
[BlackElo "2812"]
[TimeControl "180+1"]
[EndTime "10:41:03 PST"]
[Termination "Eltaj_Safarli won by resignation"]

1. e4 c5 2. Nc3 e6 3. Nf3 a6 4. g3 b5 5. d4 cxd4 6. Nxd4 Bb7 7. Bg2 Nf6 8. O-O b4 9. Na4 Bxe4 10. Bxe4 Nxe4 11. Re1 d5 12. c4 bxc3 13. Nxc3 Nxc3 14. Qh5 Ne4 15. Nxe6 g6 16. Nc7+ Qxc7 17. Qxd5 f5 18. Qxa8 Bc5 19. Bf4 Bxf2+ 20. Kg2 Qb6 21. Rxe4+ fxe4 22. Qxe4+ Kf7 23. Rf1 Qc6 24. Qxc6 Nxc6 25.
Rxf2 Ke6 26. Re2+ Kd5 27. Rd2+ Kc5 28. Be3+ Kb5 29. Rd5+ Kb4 30. Rc5 Re8 31. Rxc6 Rxe3 32. Rxa6 Re2+ 33. Kh3 Kb5 34. Ra7 Kb6 35. Rxh7 Rxb2 36.
Rh6 Rxa2 37. Rxg6+ Kc7 38. Re6 Kd7 39. Re3 Rb2 40.
g4 1-0

[Event "*** Titled Tuesday Blitz"]
[Site "Chess.com"]
[Date "2021.02.02"]
[Round "4"]
[White "Al_Shima"]
[Black "Gerodot71"]
[Result "0-1"]
[WhiteElo "2288"]
[BlackElo "2466"]
[TimeControl "180+1"]
[EndTime "10:41:04 PST"]
[Termination "Gerodot71 won by resignation"]

1. d4 Nf6 2. c4 e6 3. Nf3 d5 4.
g3 Be7 5. Bg2 O-O 6. O-O dxc4 7.
Ne5 Qd6 8. Nxc4 Qa6 9. b3 Rd8 10. Bb2 c5 11. e3 cxd4 12. exd4 Bd7 13. Ne5 Be8 14. Qf3 Nc6 15. Nc3 Rxd4 16. Rfe1 Rad8 17. Bf1 Qb6 18. Nc4 Qc7 19. Nb5 Qb8 20. Nxd4 Nxd4 21.
Bxd4 Rxd4 22. Qe3 Bc5 23. Qc3 Nd5 24. Qb2 Bc6 25. Ne5 Nb4 26. Nxc6 Nxc6 27. Rac1 Bb6 28. Bg2 Qd6 29. Re2 h5 30. Rec2 h4 31. Bxc6 bxc6 32. Rxc6 Rd1+ 33. Rxd1 Qxd1+ 34. Kg2 Qd5+ 0-1

[Event "*** Titled Tuesday Blitz"]
[Site "Chess.com"]
[Date "2021.02.02"]
[Round "4"]
[White "BikingBrian"]
[Black "TurboSteen"]
[Result "1-0"]
[WhiteElo "2321"]
[BlackElo "2042"]
[TimeControl "180+1"]
[EndTime "10:41:05 PST"]
[Termination "BikingBrian won by checkmate"]

1. d4 Nf6 2. Bg5 c5 3. Nc3 cxd4 4. Qxd4 Nc6 5. Qh4 d6 6. e4 Be6 7. f4 h6 8. f5 Bd7 9. O-O-O Qa5 10. Bc4 Ne5 11.
Bb3 Rc8 12. Nge2 b5 13. Bxf6 gxf6 14. g4 b4 15. Nd5 Qc5 16. Kb1 a5 17. c3 bxc3 18.
Nexc3 a4 19. Nxa4 Qa5 20. Qe1 Qa7 21. Nab6 Rb8 22. Qc3 Bg7 23. Nxd7 Nxd7 24. Qc7 Qa8 25. Nxe7 Qxe4+ 26. Ka1 Rxb3 27. Rhe1 Qa8 28. Nc8+ Kf8 29. Qd8# 1-0

[Event "*** Titled Tuesday Blitz"]
[Site "Chess.com"]
[Date "2021.02.02"]
[Round "4"]
[White "BlueWizzard"]
[Black "Problematique_99"]
[Result "1-0"]
[WhiteElo "2772"]
[BlackElo "2516"]
[TimeControl "180+1"]
[EndTime "10:41:06 PST"]
[Termination "BlueWizzard won by checkmate"]

1. d4 Nf6 2. Nc3 d5 3. Bf4 c6 4. Nf3 g6 5. Ne5 Bg7 6. e3 O-O 7. h4 h6 8. Be2 Nbd7 9. g4 Nxe5 10. Bxe5 Ne4 11. Bxg7 Nxc3 12. Qd3 Kxg7 13. Qxc3 a5 14.
f4 a4 15. Kf2 Qa5 16. Qd3 b6 17. c3 Ba6 18. Qc2 Bxe2 19. Qxe2 Qb5 20. Qc2 c5 21. h5 cxd4 22. exd4 Qc6 23. g5 hxg5 24. fxg5 e5 25. dxe5 a3 26. b4 d4 27. Rh3 Rac8 28.
Rd1 Qe6 29. Rdh1 Qxe5 30. c4 Qxg5 31. Rg3 Qf4+ 32. Kg2 d3 33. Qc3+ f6 34. Rxg6+ Kf7 35. Rf1 Qe4+ 36. Rf3 Qe2+ 37. Kg3 Ke7 38. Rg7+ Kd6 39.
Rxd3+ Kc6 40. b5+ Kc5 41. Rd5# 1-0

[Event "*** Titled Tuesday Blitz"]
[Site "Chess.com"]
[Date "2021.02.02"]
[Round "4"]
[White "saraswathii"]
[Black "szefru"]
[Result "1-0"]
[WhiteElo "2423"]
[BlackElo "2210"]
[TimeControl "180+1"]
[EndTime "10:41:06 PST"]
[Termination "saraswathii won by resignation"]

1. e4 Nf6 2. d3 d5 3. Nd2 dxe4 4.
dxe4 e5 5. Bd3 Be7 6. Ngf3 Bg4 7.
h3 Bxf3 8. Nxf3 Nbd7 9. Be3 O-O 10. Qd2 c5 11. O-O Qc7 12. b3 a6 13. a4 Rad8 14. Qe2 Nh5 15. g3 Nhf6 16. Nh4 Rfe8 17. Nf5 Bf8 18. Qf3 g6 19. Nh6+ Kg7 20. Bc4 Re7 21.
Rad1 Nb6 22. Bg5 Rd6 23. Rxd6 Qxd6 24. Rd1 Qc6 25. Bd5 Nbxd5 26. exd5 Qd6 27. Bxf6+ Qxf6 28. Qxf6+ Kxf6 29. Ng8+ Kg7 30. Nxe7 Bxe7 31. d6 Bd8 32. d7 Kf6 33. Kg2 Ke6 34. Kf3 f5 35. Ke3 Ke7 36. f4 e4 37. g4 Bc7 38. gxf5 gxf5 39.
Rd5 b5 40. axb5 axb5 41. Rxf5 Kxd7 42. Rf7+ Kc6 43. Rxc7+ Kxc7 44. Kxe4 Kd6 45. f5 h6 46.
h4 Ke7 47. Kd5 Kf6 48. Kxc5 Kxf5 49. Kxb5 Kg4 50. c4 Kxh4 51. c5 Kg5 52. c6 1-0

[Event "*** Titled Tuesday Blitz"]
[Site "Chess.com"]
[Date "2021.02.02"]
[Round "4"]
[White "LubovMarkelova"]
[Black "Chamal_Gedgafov"]
[Result "0-1"]
[WhiteElo "2243"]
[BlackElo "2366"]
[TimeControl "180+1"]
[EndTime "10:41:07 PST"]
[Termination "Chamal_Gedgafov won by resignation"]

1. Nf3 Nf6 2. c4 g6 3. Nc3 Bg7 4. e4 O-O 5. d4 d6 6. Be2 e5 7.
d5 a5 8. Bg5 h6 9. Bh4 g5 10.
Bg3 Nh5 11. h4 Nf4 12. hxg5 hxg5 13. O-O Na6 14. Nh2 Nc5 15. Bg4 f5 16. exf5 Bxf5 17. Bxf5 Rxf5 18. Qg4 Qf6 19. Nf3 Rf8 20. Rfe1 Qg6 21.
Bxf4 Rxf4 22. Qxg5 Qxg5 23. Nxg5 Rxf2 24. b3 e4 25. Rac1 Nd3 26. Ncxe4 R2f5 27. Ne6 R8f7 28. g4 Re5 29. Nxg7 Kxg7 0-1

[Event "*** Titled Tuesday Blitz"]
[Site "Chess.com"]
[Date "2021.02.02"]
[Round "4"]
[White "SergeyShtyka"]
[Black "Trickster_Pony"]
[Result "1-0"]
[WhiteElo "2471"]
[BlackElo "1458"]
[TimeControl "180+1"]
[EndTime "10:41:08 PST"]
[Termination "SergeyShtyka won on time"]

1. e4 c5 2. Nf3 g6 3. d4 cxd4 4. Nxd4 Nc6 5. Nc3 Bg7 6. Nb3 Nf6 7. Be2 d6 8. O-O O-O 9. Be3 a5 10. a4 Nb4 11. f3 d5 12. e5 Ne8 13. f4 f6 14. Bf3 Nc7 15. exf6 Bxf6 16. Nd4 e5 17. fxe5 Bxe5 18. Ndb5 Qh4 19. h3 Bxh3 20. Bf2 Qf4 21. Re1 Qh2+ 22. Kf1 Rxf3 23. Qxf3 Qh1+ 24. Ke2 Qh2 25. Rh1 1-0

[Event "*** Titled Tuesday Blitz"]
[Site "Chess.com"]
[Date "2021.02.02"]
[Round "4"]
[White "Boninknights"]
[Black "Vesper2018"]
[Result "1-0"]
[WhiteElo "2475"]
[BlackElo "2602"]
[TimeControl "180+1"]
[EndTime "10:41:09 PST"]
[Termination "Boninknights won on time"]

1. d4 Nf6 2. Nf3 g6 3. c4 Bg7 4.
Nc3 O-O 5. e4 d6 6. Be2 e5 7.
dxe5 dxe5 8. Qxd8 Rxd8 9. Bg5 Nbd7 10. O-O-O Rf8 11. Nd5 c6 12. Ne7+ Kh8 13. Be3 Re8 14.
Nxc8 Raxc8 15. Ng5 Kg8 16. Bg4 Rc7 17. Bxd7 Nxd7 18.
Rd2 h6 19. Rhd1 Nf6 20. Nf3 Nxe4 21. Rd7 Re7 22. Rd8+ Kh7 23. Bxa7 b5 24. Bb6 Rb7 25. c5 Nxf2 26. R1d6 e4 27. Ne1 Nd3+ 28. Nxd3 exd3 29.
Rxd3 Re2 30. Rd2 Rbe7 31. R8d6 h5 32. Rxe2 Rxe2 33. Rxc6 Rxb2 34. Rc7 Rxa2 35. Rxf7 Kg8 36. Rd7 b4 37. c6 b3 38. c7 Rc2+ 39. Kd1 Kh7 40.
Bd4 1-0

[Event "*** Titled Tuesday Blitz"]
[Site "Chess.com"]
[Date "2021.02.02"]
[Round "4"]
[White "HElissalt"]
[Black "canary2016"]
[Result "0-1"]
[WhiteElo "2207"]
[BlackElo "2024"]
[TimeControl "180+1"]
[EndTime "10:41:09 PST"]
[Termination "canary2016 won on time"]

1. d4 d5 2. c4 c6 3. cxd5 cxd5 4. Bf4 Nf6 5. e3 Nc6 6. Bd3 Bg4 7. f3 Bh5 8. Nc3 e6 9. Nh3 Bg6 10. O-O Bd6 11. Rc1 O-O 12. Bg5 Be7 13. Nf4 Bxd3 14. Nxd3 h6 15. Bh4 Rc8 16. Bf2 Nd7 17. e4 dxe4 18.
fxe4 Nb6 19. Ne1 Qd7 20. Nf3 Rfd8 21. Qe2 Bb4 22. Rfd1 Qe7 23. a3 Bxc3 24. Rxc3 Na5 25. Rdc1 Rxc3 26. Rxc3 Nc6 27. Qb5 e5 28. d5 Nd4 29.
Qd3 Nxf3+ 30. Qxf3 Nd7 31. Rc7 Qg5 32. Be3 Qg6 33.
Rxb7 Nf6 34. Rxa7 Nxe4 35. Bb6 Rxd5 36. Ra8+ Kh7 37. h3 Qxb6+ 38. Kh2 Qg6 39. Rf8 Nf6 0-1

[Event "*** Titled Tuesday Blitz"]
[Site "Chess.com"]
[Date "2021.02.02"]
[Round "4"]
[White "Savagelittlemole"]
[Black "Cocaino74"]
[Result "1-0"]
[WhiteElo "2456"]
[BlackElo "2277"]
[TimeControl "180+1"]
[EndTime "10:41:13 PST"]
[Termination "Savagelittlemole won on time"]

1. e4 c5 2. Ne2 g6 3. g3 Bg7 4. Bg2 e6 5. O-O d5 6. exd5 exd5 7. d4 Ne7 8. dxc5 Na6 9. Nbc3 Be6 10. Be3 Rc8 11. Nd4 O-O 12. Na4 Bd7 13. c3 Bxa4 14. Qxa4 Nxc5 15. Qxa7 b6 16. Qa3 Qd7 17. b4 Ne6 18.
Rfd1 Nxd4 19. Bxd4 Bxd4 20. Rxd4 Rfd8 21. Rad1 Qe6 22. Qb3 Nf5 23. Rxd5 Rxd5 24. Bxd5 Qf6 25. c4 b5 26. cxb5 Nd4 27. Qe3 Nc2 28. Qf3 Qxf3 29.
Bxf3 Nxb4 30. b6 Nxa2 31. b7 Rb8 32. Ra1 Nb4 33. Ra8 Na6 34. Rxa6 1-0

[Event "*** Titled Tuesday Blitz"]
[Site "Chess.com"]
[Date "2021.02.02"]
[Round "4"]
[White "kakakz"]
[Black "jorquerino"]
[Result "1-0"]
[WhiteElo "2466"]
[BlackElo "2290"]
[TimeControl "180+1"]
[EndTime "10:41:16 PST"]
[Termination "kakakz won on time"]

1. g3 h5 2. Bg2 h4 3. d4 hxg3 4. hxg3 Rxh1 5. Bxh1 d6 6. Nc3 Nf6 7. Bg5 e6 8. Qd3 Nc6 9. O-O-O a6 10. e4 Be7 11.
Bf3 Nd7 12. Be3 e5 13. Nge2 exd4 14. Nxd4 Nde5 15. Qe2 Bg5 16. Nxc6 Nxc6 17. Rh1 Be7 18. Bg4 Ne5 19. Bxc8 Qxc8 20. f4 Ng6 21. f5 Ne5 22. Rh8+ Bf8 23. Nd5 Qd7 24. f6 O-O-O 25. Bg5 Re8 26.
Rxf8 Rxf8 27. fxg7 1-0

[Event "*** Titled Tuesday Blitz"]
[Site "Chess.com"]
[Date "2021.02.02"]
[Round "4"]
[White "Genghis_K"]
[Black "Bulldog167"]
[Result "1-0"]
[WhiteElo "2935"]
[BlackElo "2805"]
[TimeControl "180+1"]
[EndTime "10:41:18 PST"]
[Termination "Genghis_K won by checkmate"]

1. e4 e6 2. d4 d5 3. Nd2 c5 4.
Ngf3 cxd4 5. Nxd4 Nf6 6. exd5 Nxd5 7. N2f3 Bb4+ 8. Bd2 O-O 9. c4 Bxd2+ 10. Qxd2 Ne7 11. O-O-O Nbc6 12. Qc3 Qc7 13. Nb5 Qf4+ 14. Qd2 Qxd2+ 15. Rxd2 e5 16. Bd3 Bf5 17. Re1 f6 18. Nd6 Bxd3 19. Rxd3 b6 20. b3 Rad8 21. Red1 Nc8 22. Nxc8 Rxd3 23.
Rxd3 Rxc8 24. Rd7 b5 25. c5 a5 26. Kb2 e4 27. Nd2 f5 28. Rd5 g6 29. g4 Ne7 30.
Rd7 Kf7 31. gxf5 gxf5 32. b4 axb4 33. Nb3 Ke6 34. Rb7 Nc6 35. Rxh7 Ne5 36. Rh6+ Kd5 37. Rd6+ Kc4 38. Rd4# 1-0

[Event "*** Titled Tuesday Blitz"]
[Site "Chess.com"]
[Date "2021.02.02"]
[Round "4"]
[White "Zmof"]
[Black "BahadirOzen"]
[Result "0-1"]
[WhiteElo "2123"]
[BlackElo "2738"]
[TimeControl "180+1"]
[EndTime "10:41:19 PST"]
[Termination "BahadirOzen won by resignation"]

1. e4 g6 2. Nf3 Bg7 3. d4 d6 4. c3 Nf6 5. Bd3 O-O 6. O-O Nbd7 7. Re1 e5 8. h3 b6 9. Nbd2 Bb7 10. a4 a6 11. Nf1 Re8 12. dxe5 dxe5 13. Qe2 Nc5 14. Bc2 a5 15. Bg5 Qe7 16. Rad1 h6 17. Bxf6 Qxf6 18.
Ng3 h5 19. h4 Bh6 20. Qc4 Ba6 21. Qa2 Bc8 22. b4 axb4 23. cxb4 Be6 24. Qa3 Nxa4 25. Bxa4 b5 26. Qc3 bxa4 27. Qxc7 a3 28. Ra1 a2 29. Qxe5 Qxe5 30. Nxe5 Bd2 31. Red1 Bc3 32. Ne2 Bxe5 0-1

[Event "*** Titled Tuesday Blitz"]
[Site "Chess.com"]
[Date "2021.02.02"]
[Round "4"]
[White "AustrianFalcon"]
[Black "Vanina1989"]
[Result "0-1"]
[WhiteElo "2490"]
[BlackElo "2690"]
[TimeControl "180+1"]
[EndTime "10:41:19 PST"]
[Termination "Vanina1989 won on time"]

1. e4 c6 2. d4 d5 3. e5 Bf5 4.
h4 h5 5. c4 e6 6. Nc3 dxc4 7.
Bxc4 Ne7 8. Be2 Nd5 9. Nf3 Be7 10. Bg5 f6 11. exf6 gxf6 12. Bd2 Qb6 13. O-O Nd7 14. a4 Bg4 15. a5 Qc7 16. a6 bxa6 17.
Nxd5 cxd5 18. Rxa6 Kf7 19. Nh2 f5 20. g3 Rag8 21.
Bxg4 hxg4 22. Bf4 Qb7 23. Qa4 Ra8 24. Re1 Nb6 25. Qb5 Rhc8 26. Qe2 Rc6 27. f3 Bf6 28. fxg4 Bxd4+ 29. Kh1 e5 30. Bxe5 Re8 31. gxf5 Bxe5 32. Qh5+ Kf8 33. Rf1 Qxa6 34. f6 Rxf6 35. Qh8+ Ke7 36.
Qg7+ Ke6 37. Qg4+ Kd6 38. Re1 Qc4 0-1

[Event "*** Titled Tuesday Blitz"]
[Site "Chess.com"]
[Date "2021.02.02"]
[Round "4"]
[White "Tartody"]
[Black "MumLookatMeNow"]
[Result "1-0"]
[WhiteElo "2641"]
[BlackElo "2479"]
[TimeControl "180+1"]
[EndTime "10:41:19 PST"]
[Termination "Tartody won by resignation"]

1. Nf3 Nf6 2. b3 d6 3. Bb2 e5 4. d3 g6 5. c4 Bg7 6. Nc3 O-O 7. g3 h6 8. Bg2 Be6 9. Qd2 c6 10. h3 Qd7 11. g4 a5 12. Ne4 Nxe4 13. dxe4 Na6 14.
Nh4 a4 15. O-O Nc5 16. Qc3 Qe7 17. b4 a3 18. Bxa3 Na4 19. Qg3 Bxc4 20. Rfe1 b5 21. Bc1 Nb6 22. g5 hxg5 23. Bxg5 Bf6 24. Nf5 Qe6 25. h4 Bxg5 26. Qxg5 Nd7 27. Bh3 Qf6 28.
Nh6+ Kg7 29. Bxd7 Qxg5+ 30. hxg5 f5 31. exf5 1-0

[Event "*** Titled Tuesday Blitz"]
[Site "Chess.com"]
[Date "2021.02.02"]
[Round "4"]
[White "poliplaza"]
[Black "DonPreuss"]
[Result "1-0"]
[WhiteElo "2497"]
[BlackElo "2204"]
[TimeControl "180+1"]
[EndTime "10:41:19 PST"]
[Termination "poliplaza won by resignation"]

1. d4 Nc6 2. Nf3 d6 3. d5 Ne5 4.
Nxe5 dxe5 5. e4 g6 6. c4 Bg7 7.
Nc3 e6 8. Be2 Ne7 9. O-O O-O 10.
Be3 f5 11. f3 f4 12. Bf2 g5 13. c5 Ng6 14. Qb3 Qf6 15. dxe6 Bxe6 16. Bc4 Bxc4 17.
Qxc4+ Kh8 18. Nd5 Qf7 19. c6 b6 20. Rad1 h5 21. Qe2 Rac8 22. b4 Qe6 23. Qc4 Qe8 24.
Rd3 g4 25. Rfd1 Bh6 26. b5 Bg5 27. Nb4 Bh4 28. Rd7 Bxf2+ 29. Kxf2 gxf3 30. gxf3 Nh4 31. Rg1 Rg8 32. Rxg8+ Qxg8 33. Qxg8+ Rxg8 34. Rxc7 Rg2+ 35. Kf1 Rxh2 36. Rd7 Nxf3 37. c7 1-0

[Event "*** Titled Tuesday Blitz"]
[Site "Chess.com"]
[Date "2021.02.02"]
[Round "4"]
[White "queen_iryna"]
[Black "TheCairnTerrier"]
[Result "1-0"]
[WhiteElo "2323"]
[BlackElo "2095"]
[TimeControl "180+1"]
[EndTime "10:41:19 PST"]
[Termination "queen_iryna won by checkmate"]

1. e4 c5 2. Nf3 e6 3. c4 Nc6 4. Nc3 Nf6 5. Be2 Be7 6. d4 cxd4 7. Nxd4 Bb4 8. O-O Bxc3 9. bxc3 Nxe4 10. Ba3 d6 11. Nxc6 bxc6 12. Bf3 d5 13. cxd5 cxd5 14. Bxe4 dxe4 15. Qa4+ Qd7 16. Qxe4 Bb7 17. Qg4 f5 18. Qg5 Kf7 19. Rad1 Qc6 20. Qe7+ Kg6 21. f3 Rhe8 22. Qh4 Rac8 23. Rd6 Qc7 24. Rfd1 h6 25.
Rd7 Qb6+ 26. Kh1 Rc7 27. Qg3+ Kh7 28. Qxg7# 1-0

[Event "*** Titled Tuesday Blitz"]
[Site "Chess.com"]
[Date "2021.02.02"]
[Round "4"]
[White "dropstoneDP"]
[Black "ElGasanov"]
[Result "0-1"]
[WhiteElo "2951"]
[BlackElo "2839"]
[TimeControl "180+1"]
[EndTime "10:41:20 PST"]
[Termination "ElGasanov won by resignation"]

1. d4 d5 2. c4 e6 3. Nc3 Bb4 4. e3 Nf6 5. a3 Be7 6. Nf3 O-O 7. Qc2 b6 8. h3 Bb7 9. cxd5 exd5 10. b4 c5 11. bxc5 bxc5 12. Rb1 Qc8 13. Bd3 Ba6 14. O-O Bxd3 15. Qxd3 c4 16. Qc2 Nbd7 17. Ne5 Re8 18. f4 Bd8 19. g4 Ba5 20. g5 Nxe5 21. gxf6 Qxh3 22. fxe5 Bxc3 23. Qxc3 Qg3+ 24. Kh1 Qh4+ 25. Kg2 Qg5+ 26. Kh2 Qh5+ 27. Kg2 Qg6+ 28. Kf2 Qxb1 29.
Rg1 g6 30. Qe1 Qf5+ 31. Kg2 Rab8 32. Qh4 h5 33. Qg3 Rb1 34. Rf1 Qc2+ 35. Rf2 Qxc1 0-1

[Event "*** Titled Tuesday Blitz"]
[Site "Chess.com"]
[Date "2021.02.02"]
[Round "4"]
[White "ural58"]
[Black "CraiggoryC"]
[Result "1-0"]
[WhiteElo "2473"]
[BlackElo "2132"]
[TimeControl "180+1"]
[EndTime "10:41:20 PST"]
[Termination "ural58 won by resignation"]

1. e4 e6 2. Qe2 c5 3. b3 g6 4. Bb2 Nf6 5. e5 Nd5 6. Nc3 Bg7 7.
Nf3 O-O 8. Ne4 Nc6 9. Nxc5 d6 10.
Nd3 Ndb4 11. Nxb4 Nxb4 12. d4 dxe5 13. dxe5 Qc7 14. c3 Nc6 15. O-O-O Nxe5 16. c4 Nxf3 17. Qxf3 Bxb2+ 18. Kxb2 Qe5+ 19. Qc3 Qxc3+ 20. Kxc3 b6 21. Be2 Bb7 22. Bf3 Bxf3 23. gxf3 Rfd8 24. Kb4 a6 25. a4 Kf8 26. Rxd8+ Rxd8 27. a5 Rb8 28.
Rb1 Ke7 29. axb6 Rxb6+ 30. Ka5 Rd6 31. c5 Rc6 32. b4 e5 33. Rd1 f5 34. Rd5 Ke6 35.
Rd8 e4 36. fxe4 fxe4 37. b5 axb5 38. Kxb5 Rc7 39. c6 Ke5 40. Kb6 Rf7 41. c7 Rxc7 42.
Kxc7 1-0

[Event "*** Titled Tuesday Blitz"]
[Site "Chess.com"]
[Date "2021.02.02"]
[Round "4"]
[White "tdf98pantani"]
[Black "Beca95"]
[Result "1/2-1/2"]
[WhiteElo "2763"]
[BlackElo "2894"]
[TimeControl "180+1"]
[EndTime "10:41:21 PST"]
[Termination "Game drawn by agreement"]

1. e4 e5 2. Nf3 Nf6 3. Nxe5 d6 4.
Nf3 Nxe4 5. Nc3 Nf6 6. d4 g6 7. Bg5 Bg7 8. Qd2 h6 9. Be3 Nbd7 10. h3 Nb6 11. d5 Kf8 12. O-O-O Bd7 13. g4 Na4 14.
Nxa4 Bxa4 15. Nd4 Nxd5 16. Bg2 Nxe3 17. Qxe3 Qf6 18. Bxb7 Rb8 19. Qf3 c5 20. Qxf6 Bxf6 21.
Bc6 Rxb2 22. Bxa4 Rxa2 23. Bb3 Ra1+ 24. Kb2 Bxd4+ 25. c3 Rxd1 26. Rxd1 Be5 27. Ra1 Kg7 28. Rxa7 Rf8 29. Kc2 Kf6 30. Kd3 h5 31. gxh5 gxh5 32.
Bd5 Kg6 33. c4 f5 34. Ra8 Rxa8 35. Bxa8 Kg5 36. Bf3 Bd4 37. Ke2 h4 38. Bd5 Kf4 39.
Bc6 Ke5 40. Kf3 Bb2 41. Bd5 Bc1 42. Bf7 Bg5 43. Bd5 Kd4 44. Be6 Kd3 45. Bd5 Bf6 46.
Be6 Bd4 47. Bd5 1/2-1/2

[Event "*** Titled Tuesday Blitz"]
[Site "Chess.com"]
[Date "2021.02.02"]
[Round "4"]
[White "Julianos82"]
[Black "medalja"]
[Result "0-1"]
[WhiteElo "2299"]
[BlackElo "2477"]
[TimeControl "180+1"]
[EndTime "10:41:21 PST"]
[Termination "medalja won by resignation"]

1. d4 Nf6 2. Nf3 e6 3. Bg5 c5 4. e3 Nc6 5. Nbd2 d5 6. c3 Be7 7. Bd3 h6 8. Bh4 b6 9. O-O Bb7 10. Ne5 Nxe5 11. dxe5 Nd7 12. Bg3 Qc7 13. Qh5 g6 14. Bxg6 fxg6 15. Qxg6+ Kd8 16. Qxe6 Qc6 17. Qh3 h5 18. Rad1 h4 19. Bf4 Rg8 20. f3 Nf8 21. Ne4 Bc8 22. g4 hxg3 23. Qh5 gxh2+ 24. Kh1 Ne6 25. c4 d4 26. Nd6 Bxd6 27. exd6 Nxf4 28. Qf7 Be6 29. Qxf4 Kd7 30. exd4 cxd4 31. Qxd4 Raf8 32.
Qc3 Qxc4 0-1

[Event "*** Titled Tuesday Blitz"]
[Site "Chess.com"]
[Date "2021.02.02"]
[Round "4"]
[White "Deepweb2020"]
[Black "TheSodabread"]
[Result "1-0"]
[WhiteElo "2391"]
[BlackElo "2101"]
[TimeControl "180+1"]
[EndTime "10:41:22 PST"]
[Termination "Deepweb2020 won by resignation"]

1. d4 Nf6 2. c4 g6 3. Nf3 Bg7 4. g3 O-O 5. Bg2 d6 6. O-O a6 7. Nc3 Nc6 8. b3 Rb8 9. Nd5 e6 10. Nxf6+ Bxf6 11. Bh6 Re8 12. e4 b5 13. Rc1 Na5 14. c5 dxc5 15. Rxc5 Nb7 16. Rc2 Qe7 17. e5 Bh8 18. Bg5 f6 19. exf6 Bxf6 20. Bxf6 Qxf6 21.
Rxc7 Nd6 22. Ne5 Bb7 23. Bxb7 Rxb7 24. Qc2 Rxc7 25. Qxc7 Nf5 26. Rd1 Rd8 27. Ng4 Qg5 28. f4 Qe7 29. Qe5 Nxd4 30. Rxd4 Qa7 31. Qxe6+ Kf8 32.
Qf6+ Ke8 33. Qh8+ Ke7 34. Qxd8+ 1-0

[Event "*** Titled Tuesday Blitz"]
[Site "Chess.com"]
[Date "2021.02.02"]
[Round "4"]
[White "ErikRonka"]
[Black "sopo-tereladze"]
[Result "1-0"]
[WhiteElo "2472"]
[BlackElo "2307"]
[TimeControl "180+1"]
[EndTime "10:41:23 PST"]
[Termination "ErikRonka won by resignation"]

1. e4 e5 2. Nc3 g6 3. d4 exd4 4. Qxd4 Qf6 5. e5 Nc6 6. Qe3 Qxe5 7. Nb5 Qxe3+ 8. Bxe3 Kd8 9. Nf3 a6 10. Nc3 Bg7 11.
Nd5 d6 12. O-O-O Be6 13. Ng5 Nge7 14. Nxe6+ fxe6 15. Nf4 Kd7 16. Bc4 Nd8 17. Rhe1 e5 18. Ne2 Nf5 19. Bd2 Nc6 20. f4 Rae8 21. fxe5 Bxe5 22. g3 Rhf8 23. Nf4 Bxf4 24. Bxf4 Rxe1 25.
Rxe1 Re8 26. Rf1 Ne5 27. Be2 Nd4 28. Bd1 Rf8 29. Bxe5 Rxf1 30. Bxd4 Rh1 31. h4 Rh3 32. Bg4+ Kc6 33. Bxh3 Kd5 34. Bf2 c6 35. Kd2 Ke5 36. Be3 d5 37. Bf4+ Kf6 38. Ke3 b6 39. Bc8 a5 40.
Bc7 b5 41. Bxa5 Ke5 42. Bb7 Kd6 43. b4 h5 44. Bb6 Kd7 45. Kd4 1-0

[Event "*** Titled Tuesday Blitz"]
[Site "Chess.com"]
[Date "2021.02.02"]
[Round "4"]
[White "Lady_Nika"]
[Black "marvinguevara"]
[Result "1-0"]
[WhiteElo "2395"]
[BlackElo "2136"]
[TimeControl "180+1"]
[EndTime "10:41:23 PST"]
[Termination "Lady_Nika won on time"]

1. d4 f5 2. e3 Nf6 3. f4 b6 4.
Nf3 Bb7 5. Bd3 g6 6. O-O Bg7 7. Nbd2 O-O 8. Qe2 Ne4 9. c3 d6 10. Bxe4 fxe4 11. Ng5 d5 12. Ne6 Qc8 13. Nxf8 Ba6 14.
c4 Qxf8 15. b3 e6 16. Bb2 Nd7 17. a4 c5 18. Qg4 Qf7 19. a5 b5 20. cxd5 exd5 21.
Rfe1 c4 22. bxc4 dxc4 23. Bc3 Bb7 24. a6 Bd5 25. Rab1 Bc6 26. Nf1 Nf6 27. Qh3 Nd5 28. Rec1 Bd7 29. Qh4 Qe6 30. Qe1 Qxa6 31. Nd2 Qe6 32.
Rb2 a5 33. Ra1 Nxc3 34. Nf1 b4 35. Rxb4 axb4 36. Rxa8+ Kf7 37. Nd2 Bc6 38. Ra7+ Kg8 39. Qh4 Be8 40. Qd8 Kf8 41. Qc7 Qf6 42. Qc5+ Kg8 43.
Rxg7+ 1-0

[Event "*** Titled Tuesday Blitz"]
[Site "Chess.com"]
[Date "2021.02.02"]
[Round "4"]
[White "L1m96"]
[Black "EugeneRougon"]
[Result "1-0"]
[WhiteElo "2551"]
[BlackElo "2732"]
[TimeControl "180+1"]
[EndTime "10:41:24 PST"]
[Termination "L1m96 won by resignation"]

1. d4 Nf6 2. c4 g6 3. Nf3 Bg7 4. Nc3 O-O 5. Bf4 d6 6. e3 Nc6 7. Be2 Nd7 8. h3 e5 9. Bh2 f5 10. O-O e4 11. Nd2 Nf6 12. Rc1 Qe7 13. Re1 g5 14.
Nd5 Qf7 15. Nxf6+ Bxf6 16. c5 d5 17. a3 a5 18. Nb1 f4 19. Nc3 Be6 20. Bg4 Rad8 21.
Bxe6 Qxe6 22. Qg4 Qf7 23. Bxf4 h5 24. Qg3 Qg7 25. Bxc7 h4 26. Qh2 g4 27. hxg4 Qxg4 28. Bxd8 Rxd8 29. Qh3 Qg5 30. Ne2 Kh7 31. b4 axb4 32.
axb4 Nxb4 33. Rb1 Nd3 34. Rxb7+ Kh6 35. Rf1 Rg8 36. c6 Qh5 37. c7 Qxe2 38. c8=Q Rxc8 39. Qxc8 Bg7 40. Qe6+ Kh7 41. Qf5+ Kh6 42. Rb6+ 1-0